cohdb
Replays
Latest Replays
All Replays
Popular Replays
Top Player Replays
Match Explorer
How It Works
Community
CoH3 Stats
Reddit
Sign in to upload your games and track your stats! →
Sign in with Steam
Match 42668364
Unlisted
Match 42668364
Overview
Messages
Build Orders
End
Construct Infanterie Kompanie
Selects Breakthrough Battlegroup
Selects Assault Grenadiers
MG 42 Machine Gun Team
Kettenkrad Recon Vehicle
Grenadier Squad
Pioneer Squad
Grenadier Squad
Selects Breakthrough
Construct Luftwaffe Kompanie
221 Scout Car
Support Elements
Selects Mechanized Assault Group
Infanterie Officer Quarters
Luftwaffe Officer Quarters
chovopan
Bass
Uffz. Ral-go
Chilly
Viking Squad
Crokushqa
gUi
1131140351
0
0
Comments
sign in to comment!
No comments posted yet!